 Dungeon Crawl Stone Soup version 0.30-a0-618-gd6c86c23d0 (webtiles) character file.

Game seed: 7699983578230961360

56 themarg the Insei (level 3, -4/25 HPs)
             Began as a Gnoll Transmuter on Jan 9, 2023.
             Slain by an orc
             ... wielding a +0 whip
              (5 damage)
             ... on level 3 of the Dungeon.
             The game lasted 00:04:59 (1549 turns).

themarg the Insei (Gnoll Transmuter)                Turns: 1549, Time: 00:05:00

Health: -4/25      AC:  2    Str:  9    XL:     3   Next: 97%
Magic:  4/9        EV: 22    Int: 12    God:
Gold:   0          SH:  0    Dex: 17    Spells: 6/12 levels left

rFire   . . .      SeeInvis +      - Unarmed
rCold   . . .      Faith    .    (shield currently unavailable)
rNeg    . . .      Spirit   .    (body armour currently unavailable)
rPois   x          Reflect  .    (helmet currently unavailable)
rElec   .          Harm     .    (cloak currently unavailable)
rCorr   .          Rampage  .    (gloves currently unavailable)
Will    .....                    (boots currently unavailable)
Stlth   ++                       (no amulet)
HPRegen 0.24/turn                f - ring of see invisible
MPRegen 0.11/turn                (no ring)

@: spider-form (expiring), wereblooded
A: venomous fangs, tiny, (fangs 1), strong nose, distributed training, dopey 1,
frail 1, evolution 1
a: End Transformation


You were on level 3 of the Dungeon.
You were a venomous arachnid creature.
You visited 1 branch of the dungeon, and saw 3 of its levels.

Inventory:

Missiles
 d - 19 stones
 i - 2 curare-tipped darts
 n - 4 poisoned darts
Armour
 a - a +0 robe (melded)
 g - a +0 buckler
Jewellery
 f - a ring of see invisible (left front pincers)
Scrolls
 e - a scroll of teleportation {unknown}
 h - a scroll of magic mapping {unknown}
 j - 2 scrolls of identify {unknown}
 l - a scroll of fog {unknown}
 p - a scroll of enchant weapon {unknown}
Potions
 b - 2 potions of lignification
 c - a potion of brilliance {unknown}
 m - a potion of attraction {unknown}
 o - a potion of resistance {unknown}


   Skills:
 + Level 2.7 Fighting
 + Level 1.0 Short Blades
 + Level 1.0 Long Blades
 + Level 1.0 Axes
 + Level 1.0 Maces & Flails
 + Level 1.0 Polearms
 + Level 1.0 Staves
 + Level 1.0 Ranged Weapons
 + Level 1.0 Throwing
 + Level 1.0 Armour
 + Level 4.6 Dodging
 + Level 1.0 Stealth
 + Level 1.0 Shields
 + Level 6.5 Unarmed Combat
 + Level 5.0 Spellcasting
 + Level 0.7 Conjurations
 + Level 0.7 Hexes
 + Level 0.7 Summonings
 + Level 0.7 Necromancy
 + Level 0.7 Translocations
 + Level 3.8 Transmutations
 + Level 0.7 Fire Magic
 + Level 0.7 Ice Magic
 + Level 0.7 Air Magic
 + Level 0.7 Earth Magic
 + Level 0.7 Poison Magic
 + Level 1.1 Invocations
 + Level 1.0 Evocations


You had 6 spell levels left.
You knew the following spells:

 Your Spells              Type           Power      Damage    Failure   Level
a - Beastly Appendage     Tmut           24%        N/A       13%         1
b - Wereblood             Tmut           12%        N/A       17%         2
c - Spider Form           Tmut/Pois      8%         N/A       45%         3

Your spell library contained the following spells:

 Spells                   Type           Power      Damage    Failure   Level
 Sublimation of Blood     Necr           4%         N/A       43%         2
 Ice Form                 Ice/Tmut       8%         N/A       80%         4
 Summon Hydra             Summ           2%         N/A       100%        7


Dungeon Overview and Level Annotations

Branches:
Dungeon (3/15)

Altars:


Innate Abilities, Weirdness & Mutations

You are a venomous arachnid creature.
You have venomous fangs.
You are tiny and dextrous.
Your spellcasting is less reliable in this form.
Your armour is entirely melded.
You are incapable of wielding weapons or throwing items.
((You have very sharp teeth.))
Your uncanny sense of smell can sniff out nearby items.
Your experience applies equally to all skills.
You are dopey. (Int -2)
You are frail. (-10% HP)
You have hidden genetic potential.


Message History

Okay, then.
You climb downwards.
The orc shouts!
The orc priest shouts!
You hear a shout!
There is a stone staircase leading up here.
The spell is quite dangerous to miscast (21% risk of failure)!
Continue anyway?
You turn into a venomous arachnid creature.
Your +0 robe melds into your body.
The endoplasm quivers.
The orc priest looks encouraged for a moment.
The orc priest mumbles some strange prayers to Beogh against you.
Beogh smites you!
Your blood is infused with primal strength.
A kobold comes into view. It is wielding a +0 dagger.
You hit the orc priest.
The orc priest is moderately wounded.
You hit the orc priest but do no damage.
The orc priest is moderately wounded.
The orc priest calls down the wrath of Beogh upon you.
Pain shoots through your body! The orc priest misses you.
The orc barely misses you.
You hit the orc priest.
The orc priest is poisoned.
The orc priest is heavily wounded.
Your transformation is almost over.
The orc priest completely misses you. The orc barely misses you.
The orc priest calls upon Beogh to heal the orc priest.
The orc priest is healed somewhat.
The orc completely misses you.
You hit the orc priest.
The orc priest looks as sick as possible!
The orc priest is moderately wounded.
The orc priest hits you with a +0 short sword.
The orc barely misses you.
The orc priest calls down the wrath of Beogh upon you.
Pain shoots through your body!
* * * LOW HITPOINT WARNING * * *
The orc closely misses you.
It was a potion of mutation.
You feel extremely strange.
You feel stupid.
You feel frail.
You feel a hidden potential growing inside you.
The orc priest misses you. The orc hits you with a +0 whip.
You die...

..#. ......
.#
.#.##.#..
...
.....#..#.#
.K..#....
....#.#
.....#
#oJ..#
#so..#
#oo### #..#
#.## #..
###


You could see 2 orc priests, 2 orcs, an endoplasm and a kobold.

Vanquished Creatures
  2 worms (D:2)
  A dart slug (D:1)
  8 endoplasms
  3 giant cockroaches
  5 hobgoblins
  4 jackals (D:1)
  A quokka (D:1)
  3 ball pythons (D:1)
  3 bats
  4 frilled lizards
  2 goblins
  4 kobolds
  4 rats
44 creatures vanquished.

Notes
Turn   | Place    | Note
-------+----------+-------------------------------------------
     0 | D:1      | themarg the Gnoll Transmuter began the quest for the Orb.
     0 | D:1      | Reached XP level 1. HP: 17/17 MP: 6/6
    57 | D:1      | Reached XP level 2. HP: 19/23 MP: 5/7
    60 | D:1      | Learned a level 2 spell: Wereblood
   289 | D:1      | Reached skill level 5 in Spellcasting
   289 | D:1      | Reached XP level 3. HP: 27/28 MP: 6/9
   293 | D:1      | Learned a level 3 spell: Spider Form
   670 | D:2      | Reached skill level 1 in Invocations
   968 | D:2      | Reached skill level 1 in Short Blades
   968 | D:2      | Reached skill level 1 in Long Blades
   968 | D:2      | Reached skill level 1 in Axes
   968 | D:2      | Reached skill level 1 in Maces & Flails
   968 | D:2      | Reached skill level 1 in Polearms
   968 | D:2      | Reached skill level 1 in Staves
   968 | D:2      | Reached skill level 1 in Ranged Weapons
   968 | D:2      | Reached skill level 1 in Throwing
   968 | D:2      | Reached skill level 1 in Armour
   968 | D:2      | Reached skill level 1 in Stealth
   968 | D:2      | Reached skill level 1 in Shields
   968 | D:2      | Reached skill level 1 in Evocations
  1251 | D:2      | Found a faded altar of an unknown god.
  1548 | D:3      | HP: 1/28 [orc priest/nerve-wracking pain (9)]
  1549 | D:3      | Gained mutation: You are dopey. (Int -2) [potion of
                  | mutation]
  1549 | D:3      | Gained mutation: You are frail. (-10% HP) [potion of
                  | mutation]
  1549 | D:3      | Gained mutation: You have hidden genetic potential. [potion
                  | of mutation]
  1549 | D:3      | Slain by an orc

Illustrated notes

Levels and vault maps discovered:
D:1:      tekkud_arrival_beachfront_property, layout_basic
D:2:      layout_basic, hellmonk_ecumenical_altar_run_dry,
          kennysheep_cross_bottleneck
D:3:      layout_basic, mainiacjoe_overflow_alcove_2, elyvilon_altar_5,
          chequers_serial_rivers_micro_b

Skill      XL: |  1  2  3 |
---------------+----------+-----
Spellcasting   | 5 |  5.0
Invocations    | 1 |  1.1
Short Blades   | 1 |  1.0
Long Blades    | 1 |  1.0
Axes           | 1 |  1.0
Maces & Flails | 1 |  1.0
Polearms       | 1 |  1.0
Staves         | 1 |  1.0
Ranged Weapons | 1 |  1.0
Throwing       | 1 |  1.0
Armour         | 1 |  1.0
Stealth        | 1 |  1.0
Shields        | 1 |  1.0
Evocations     | 1 |  1.0
Fighting       | |  2.7
Dodging        | |  4.6
Unarmed Combat | |  6.5
Conjurations   | |  0.7
Hexes          | |  0.7
Summonings     | |  0.7
Necromancy     | |  0.7
Translocations | |  0.7
Transmutations | |  3.8
Fire Magic     | |  0.7
Ice Magic      | |  0.7
Air Magic      | |  0.7
Earth Magic    | |  0.7
Poison Magic   | |  0.7

Action                   || total
-------------------------++-------
Melee: Unarmed           ||    85
       Kick              ||    18
       Headbutt          ||     8
       Punch             ||     4
       Bite              ||     4
 Cast: Beastly Appendage ||    23
       Spider Form       ||     3
       Wereblood         ||     1
  Use: Potion            ||     1
Armor: Robe              ||     9
Dodge: Dodged            ||    51

Table legend: (Time is in decaauts)
 A = Elapsed time spent in this place.
 B = Non-inter-level travel time spent in this place.
 C = Inter-level travel time spent in this place.
 D = Time resting spent in this place.
 E = Time spent auto-exploring this place.
 F = Levels seen in this place.
 G = Mean time per level.
                   A        B        C        D        E       F      G
               +--------+--------+--------+--------+--------+-----+--------+
         Total |   1537 |   1504 |     33 |      0 |   1215 |   3 |  512.3 |
       Dungeon |   1537 |   1504 |     33 |      0 |   1215 |   3 |  512.3 |
               +--------+--------+--------+--------+--------+-----+--------+

Top non-repeatable levels by time:
     D:2: 876 daAuts
     D:1: 655 daAuts
     D:3: 6 daAuts
